AoeStats
← NikolastrA

Arena

510920187Analyzed
1v1 RM · 19h ago on Oct 3, 2026· 34m 2s· 2 players
Game mode
Random Map
Map size
Tiny (2 player)
Population
200
Speed
Normal
Resources
Standard
Victory
Conquest
Starting age
Dark Age
Ending age
Imperial Age
RankedLock teamsTeams togetherTeam positionsShared explorationLock speedFull tech treeHidden civsTurbo modeCheats
Victory
Defeat
🇨🇱 Britons · Chile
666
+17
🇨🇴 Japanese · Colombia
698
-17
Tecophilaea
8:10 Loom
10:37 Feudal Age
11:54 Double-Bit Axe
17:53 Castle Age
17:09 Horse Collar
19:14 Bow Saw
19:05 Heavy Plow
18:59 Gold Mining
21:58 Fletching
22:08 Crossbowman
22:46 Bodkin Arrow
25:48 Padded Archer Armor
27:14 Wheelbarrow
27:23 Ballistics
27:00 Murder Holes
27:17 Town Watch
32:05 Imperial Age
32:34 Leather Archer Armor
33:47 Arbalester
NikolastrA
11:36 Feudal Age
9:52 Loom
12:03 Double-Bit Axe
12:41 Gold Mining
12:55 Horse Collar
15:03 Wheelbarrow
14:17 Town Watch
22:47 Castle Age
20:11 Man-at-Arms
21:00 Fletching
21:56 Padded Archer Armor
22:35 Forging
23:09 Scale Mail Armor
23:58 Elite Skirmisher
28:24 Heavy Plow
33:30 Gold Shaft Mining
36:14 Imperial Age
34:07 Bodkin Arrow
34:51 Leather Archer Armor
Connection lost

Rejoining the realm…

Still unreachable

The connection could not be restored.

Session expired

The server has moved on; the page needs a fresh start.